 Dungeon Crawl Stone Soup version 0.29.0-4-gdea44cf6ec (webtiles) character file.

Game seed: 5255550422514170118

301 qw the Chopper (level 6, -5/48 HPs)
             Began as a Formicid Cinder Acolyte on Sept 3, 2022.
             Was a Priest of Ignis.
             Splashed by a jelly's acid (9 damage)
             ... on level 3 of the Dungeon.
             The game lasted 00:01:20 (3111 turns).

qw the Chopper (Formicid Cinder Acolyte)            Turns: 3111, Time: 00:01:20

Health: -5/48      AC:  0    Str: 21    XL:     6   Next: 64%
Magic:  7/7        EV: 10    Int: 13    God:    Ignis [***...]
Gold:   86         SH:  0    Dex:  9    Spells: 7/7 levels left

rFire   + . .      SeeInvis +   Y - -1 hand axe (flame)
rCold   . . .      Faith    .   (no shield)
rNeg    . . .      Spirit   .   h - +3 ring mail
rPois   +          Reflect  .   (helmet unavailable)
rElec   .          Harm     .   (no cloak)
rCorr   .          Rampage  .   (no gloves)
Will    .....                   (no boots)
Stlth   ..........              (no amulet)
HPRegen 0.16/turn               g - ring of poison resistance
MPRegen 0.10/turn               (no ring)

@: corroded, fiery-armoured
A: permanent stasis, dig shafts and tunnels, antennae 3, four strong arms
a: Dig, Shaft Self, Renounce Religion, Fiery Armour, Foxfire Swarm, Rising Flame


You were on level 3 of the Dungeon.
You worshipped Ignis.
Ignis was most pleased with you.
You visited 1 branch of the dungeon, and saw 3 of its levels.

You collected 86 gold pieces.


Innate Abilities, Weirdness & Mutations

You cannot be hasted, slowed, berserked, paralysed or teleported.
You can dig through walls and to a lower floor.
You have a pair of large antennae on your head. (SInv)
Your four strong arms can wield two-handed weapons with a shield.


   Skills:
 + Level 3.6 Fighting
 - Level 6.4 Axes
 - Level 1.0 Armour
 - Level 1.0 Dodging
 - Level 1.1 Spellcasting
 - Level 3.0 Fire Magic


You had 7 spell levels left.
You didn't know any spells.
Your spell library contained the following spells:

 Spells                   Type           Power      Damage    Failure   Level
 Scorch                   Fire           16%        2d6       21%         2

Inventory:

Hand Weapons
 Y - a -1 hand axe of flaming (weapon)
Armour
 h - a +3 ring mail (worn)
Jewellery
 g - a ring of poison resistance (left hand)
Scrolls
 c - a scroll of identify
Potions
 a - a potion of resistance {unknown}
 b - a potion of curing {unknown}
 d - a potion of heal wounds {unknown}
 e - a potion of lignification {unknown}
 f - 3 potions of flight {unknown}
 i - a potion of berserk rage {unknown}
 j - a potion of haste
 k - a potion of attraction {unknown}

Dungeon Overview and Level Annotations

Branches:
Dungeon (3/15)

Altars:


Message History

Enter note:
Enter note:
Found 6 stones.
k - a fizzy white potion
There is a stone staircase leading down here.
You open the door.
A jelly comes into view.
3099 ||| Stepping ~*~*~tactically~*~*~ (stealth).
The jelly quivers.
There is an open door here.
You hit the jelly. You burn the jelly. The acid corrodes you!
Your hands burn!
The jelly is moderately wounded.
The jelly hits you but does no damage.
You hit the jelly but do no damage. The acid corrodes you!
Your hands burn!
The jelly is moderately wounded.
The jelly hits you.
You are splashed with acid!
You hit the jelly but do no damage.
Your hands burn!
The jelly is moderately wounded.
The jelly barely misses you.
You hit the jelly but do no damage. The acid corrodes you!
Your hands burn!
The jelly is moderately wounded.
The jelly hits you.
You are splashed with acid!
3108 ||| INVOKING Fiery Armour.
A protective cloak of flame settles atop you.
The jelly closely misses you.
You hit the jelly but do no damage.
Your hands burn!
The jelly is moderately wounded.
The jelly hits you but does no damage.
The jelly is burned by your cloak of flames.
The jelly is heavily wounded.
You hit the jelly but do no damage. The acid corrodes you!
Your hands burn!
The jelly is heavily wounded.
The jelly hits you.
You are splashed with acid!
The jelly is burned by your cloak of flames.
The jelly is severely wounded.
You completely miss the jelly.
The jelly is severely wounded.
The jelly jiggles.
The jelly hits you. The acid corrodes you!
You are splashed with acid!
You die...

.........##
###.........##.
.............
#.........#
#.......#
#...... #..J#
#@# #.# #.#
#######>##
.........##
.####.....#
.....#...######
.###.........(.
.#####..#######


You could see a jelly.

Vanquished Creatures
  Sigmund (D:2)
  Jessica (D:2)
  Terence (D:2)
  4 gnolls
  An adder (D:2)
  7 bats
  An endoplasm (D:2)
  4 giant cockroaches
  4 goblins
  6 hobgoblins
  6 kobolds (D:1)
  2 quokkas (D:2)
  2 ball pythons (D:1)
  2 frilled lizards (D:1)
42 creatures vanquished.

Notes
Turn   | Place    | Note
-------+----------+-------------------------------------------
     0 | D:1      | qw the Formicid Cinder Acolyte began the quest for the Orb.
     0 | D:1      | Reached XP level 1. HP: 18/18 MP: 2/2
     0 | D:1      | 0 ||| qw: Version: 0.1-a-102-g441f92d
     0 | D:1      | 0 ||| qw: Game counter: 5150
     0 | D:1      | 0 ||| qw: Always use a shield: true
     0 | D:1      | 0 ||| qw: God list: Okawaru
     0 | D:1      | 0 ||| qw: Allow faded altars: false
     0 | D:1      | 0 ||| qw: Do Orc after D:15 true
     0 | D:1      | 0 ||| qw: Do second Lair branch before Depths: true
     0 | D:1      | 0 ||| qw: Lair rune preference: random
     0 | D:1      | 0 ||| qw: Plans: Normal
     0 | D:1      | 0 ||| PLANNING D:1-11
     9 | D:1      | Noticed an electric eel
   209 | D:1      | Reached XP level 2. HP: 24/24 MP: 3/3
   231 | D:1      | 231 ||| Stepping ~*~*~tactically~*~*~ (stealth).
   234 | D:1      | 234 ||| Stepping ~*~*~tactically~*~*~ (stealth).
   236 | D:1      | 236 ||| Stepping ~*~*~tactically~*~*~ (stealth).
   240 | D:1      | 240 ||| Stepping ~*~*~tactically~*~*~ (stealth).
   244 | D:1      | 244 ||| INVOKING Fiery Armour.
   251 | D:1      | 251 ||| Stepping ~*~*~tactically~*~*~ (stealth).
   506 | D:1      | 506 ||| Stepping ~*~*~tactically~*~*~ (stealth).
   509 | D:1      | 509 ||| Stepping ~*~*~tactically~*~*~ (stealth).
   526 | D:1      | 526 ||| INVOKING Fiery Armour.
   767 | D:1      | Found a faded altar of an unknown god.
   986 | D:1      | Reached skill level 4 in Axes
   986 | D:1      | Reached XP level 3. HP: 16/29 MP: 4/4
  1185 | D:1      | 1185 ||| INVOKING Fiery Armour.
  1188 | D:1      | Reached skill level 1 in Dodging
  1540 | D:1      | 1540 ||| UPGRADING to +0 ring mail.
  1550 | D:1      | 1550 ||| DROPPING +0 robe.
  1551 | D:1      | 1551 ||| UPGRADING to ring of poison resistance.
  1552 | D:1      | 1552 ||| READING scroll labelled PIUSTR OGUS.
  1553 | D:1      | 1553 ||| READING scroll labelled DEEWOA METYE.
  1554 | D:1      | 1554 ||| READING scroll labelled VIWEUD WAWKOME.
  1555 | D:1      | 1555 ||| DRINKING 2 red potions.
  1600 | D:2      | Reached skill level 1 in Armour
  1664 | D:2      | Noticed Jessica
  1674 | D:2      | Killed Jessica
  1675 | D:2      | Reached XP level 4. HP: 23/35 MP: 5/5
  2345 | D:2      | Noticed Terence
  2359 | D:2      | Killed Terence
  2360 | D:2      | Reached skill level 5 in Axes
  2360 | D:2      | Reached XP level 5. HP: 35/41 MP: 6/6
  2460 | D:2      | Noticed Sigmund
  2473 | D:2      | Killed Sigmund
  2474 | D:2      | Reached skill level 6 in Axes
  2474 | D:2      | Reached XP level 6. HP: 32/47 MP: 7/7
  2484 | D:2      | 2484 ||| FLEEEEING.
  2621 | D:2      | 2621 ||| UPGRADING to +3 ring mail.
  2631 | D:2      | 2631 ||| DROPPING +0 ring mail.
  2728 | D:3      | 2728 ||| Stepping ~*~*~tactically~*~*~ (stealth).
  2730 | D:3      | 2730 ||| Stepping ~*~*~tactically~*~*~ (hiding).
  2733 | D:3      | 2733 ||| Stepping ~*~*~tactically~*~*~ (hiding).
  2737 | D:3      | 2737 ||| INVOKING Fiery Armour.
  3099 | D:3      | 3099 ||| Stepping ~*~*~tactically~*~*~ (stealth).
  3108 | D:3      | 3108 ||| INVOKING Fiery Armour.
  3110 | D:3      | HP: 12/48 [jelly (2)]
  3110 | D:3      | HP: 4/48 [acid (8)]
  3111 | D:3      | Splashed by a jelly's acid

Levels and vault maps discovered:
D:1:      arrival_aquarium_a, layout_basic, ebering_ecumenical_altar_ruins,
          minivault_26
D:2:      layout_basic, uniq_sigmund, uniq_jessica, uniq_terence
D:3:      layout_loops_corners, nicolae_ru_the_path_less_chosen

Skill      XL: |  1  2  3  4  5 |
---------------+----------------+-----
Axes           | 4 5 6 |  6.4
Dodging        | 1 |  1.0
Armour         | 1 |  1.0
Fighting       | |  3.6
Spellcasting   | |  1.1
Fire Magic     | |  3.0

Action                   |  1- 3 |  4- 6 || total
-------------------------+-------+-------++-------
Melee: Hand axe          |    90 |    87 ||   177
Invok: Fiery Armour      |     3 |     2 ||     5
  Use: Scroll            |     3 |       ||     3
       Potion            |     1 |       ||     1
Armor: Robe              |     8 |       ||     8
       Ring mail         |     4 |    40 ||    44
Dodge: Dodged            |    45 |    50 ||    95

Table legend:
 A = Non-vault XP
 B = Vault XP
 C = Vault XP percentage of total XP
 D = Non-vault monster count
 E = Vault monster count
 F = Vault count percentage of total count
                 A         B        C        D         E       F
            +---------+---------+-------+---------+---------+-------
      Total |     126 |     304 |  70.7 |      39 |       3 |   7.1
            +---------+---------+-------+---------+---------+-------
        D:1 |      46 |       0 |   0.0 |      21 |       0 |   0.0
        D:2 |      34 |     304 |  89.9 |      13 |       3 |  18.8
        D:3 |      46 |       0 |   0.0 |       5 |       0 |   0.0
            +---------+---------+-------+---------+---------+-------
